 Dungeon Sprint DCSS version 0.23-a0-183-gf37f6fb (webtiles) character file.

11500000 namelastname112 the Formicid Barricade (level 27, -35/249 HPs)
             Began as a Formicid Fighter on Sept 23, 2018.
             Was the Champion of Makhleb.
             Killed from afar by a wretched soul (90 damage)
             ... with a bolt of negative energy
             ... in the Dungeon (Sprint VIII: "Arena of Blood").
             The game lasted 00:02:06 (115 turns).

namelastname112 the Formicid Barricade (FoFi)        Turns: 115, Time: 00:02:07

Health: -35/249    AC: 12    Str: 27    XL:     27
Magic:  39/54      EV: 29    Int:  8    God:    Makhleb [******]
Gold:   0          SH: 19    Dex: 17    Spells: 80/80 levels left

rFire    . . .     SeeInvis +   k - +∞ Axe of Woe
rCold    . . .     Gourm    .   b - +0 shield
rNeg     . . .     Faith    .   a - +0 scale mail
rPois    .         Spirit   .   (helmet unavailable)
rElec    .         Reflect  .   (no cloak)
rCorr    .         Harm     .   (no gloves)
MR       ++...                  (no boots)
Stlth    ++++++++..             (no amulet)
HPRegen  0.51/turn              (no ring)
MPRegen  0.34/turn              (no ring)

@: drained
A: permanent stasis, dig shafts and tunnels, four strong arms, antennae 3
a: Dig, Minor Destruction, Lesser Servant of Makhleb, Major Destruction, Greater
Servant of Makhleb, Renounce Religion


You were in the Dungeon.
You worshipped Makhleb.
Makhleb was exalted by your worship.
You were not hungry.

You visited 1 branch

Inventory:

Hand Weapons
 k - the +∞ Axe of Woe (weapon)
   (You found it in the Dungeon)
Armour
 a - a +0 scale mail (worn)
 b - a +0 shield (worn)
Scrolls
 j - a scroll of blinking
Potions
 c - a potion of might
 e - a potion of curing
 g - a potion of haste
 h - 2 potions of magic
 i - a potion of berserk rage
Comestibles
 d - a ration


   Skills:
 O Level 27(25.5) Fighting
 O Level 27(25.5) Axes
 O Level 27(25.5) Throwing
 O Level 27(25.5) Armour
 O Level 27(25.5) Dodging
 O Level 27(25.5) Stealth
 O Level 27(25.5) Shields
 O Level 27(25.5) Unarmed Combat
 O Level 27(25.5) Spellcasting
 O Level 27(25.5) Invocations


You had 80 spell levels left.
You didn't know any spells.
Your spell library was empty.

Dungeon Overview and Level Annotations

Branches:
Dungeon (1/1)

Altars:
Makhleb

Annotations:
D The Captor


Innate Abilities, Weirdness & Mutations

You cannot be hasted, slowed, berserked, paralysed or teleported.
You can dig through walls and to a lower floor.
Your four strong arms can wield two-handed weapons with a shield.
You have a pair of large antennae on your head. (SInv)


Message History

Makhleb accepts your kill.
You feel better.
Your life force feels restored.
You carve the bag of meat like a ham!!!
You slaughter the bag of meat joyfully.
You kill the bag of meat!
Makhleb accepts your kill.
You feel better.
You hear a shout! x5
The dread throws damnation at you.
The sphere of damnation explodes!
The damnation engulfs you!
The tyrant casts a spell.
The eight-headed meat hydra calls on the powers of darkness!
The eight-headed meat hydra convulses!
The bag of meat convulses!
The meat berserker convulses!
The bag of meat convulses! x3
The observer convulses!
The Captor convulses!
Your body is wracked with pain!
* * * LOW HITPOINT WARNING * * *
The bag of meat convulses! x2
The wretched soul breathes negative energy at you.
The bolt of negative energy hits you!
You feel drained.
You die...

.. .. { #.. ...#{
#.. ...# .###..
...###.
......###.%....
...%o_.....
#%.%..# . .
#_.<._# ...
...{#§)W)@#.....
....Wo)o))..W....
....§§###O.......
G###D.{ .o.###...
V #.{


{xMW# .. {#. oW2G#{{ {. .X@XX{ { {{. ..XXLoD { .... You could see an accursed, a
tentacled monstrosity, a meat beast, a tyrant, an eight-headed meat hydra, an
observer (invisible), 4 large abominations, 2 wretched souls, 3 dreads, The
Captor, a meat berserker (berserk), a small abomination and 6 bags of meat.

Vanquished Creatures
  5 hell beasts (D)
  A greater mummy (D)
  A great orb of eyes (D)
  3 wraiths (D)
  Harold (D)
  9 vampire knights (D)
  24 ogres (D)
  5 two-headed ogres (D)
  6 liches (D)
  A hydra (D)
  30 orcs (D)
  2 phantoms (D)
  4 skeletal warriors (D)
  2 sea snakes (D)
  5 large abominations (D)
  2 small abominations (D)
  4 crawling corpses (D)
105 creatures vanquished.

Notes
Turn   | Place    | Note
-------+----------+-------------------------------------------
     0 | D        | Found the +∞ Axe of Woe
     0 | D        | namelastname112 the Formicid Fighter began the quest for
                  | the Orb.
     0 | D        | Reached XP level 1. HP: 18/18 MP: 1/1
     2 | D        | Noticed a meat berserker
     2 | D        | Noticed a bag of meat
     4 | D        | Became a worshipper of Makhleb the Destroyer
     7 | D        | Killed a meat berserker
     7 | D        | Reached XP level 2. HP: 51/51 MP: 2/2
     7 | D        | Reached XP level 3. HP: 58/58 MP: 3/3
     7 | D        | Reached XP level 4. HP: 65/65 MP: 4/4
     7 | D        | Reached XP level 5. HP: 72/72 MP: 5/5
     7 | D        | Reached XP level 6. HP: 79/79 MP: 6/6
     7 | D        | Reached XP level 7. HP: 85/85 MP: 7/7
     7 | D        | Reached XP level 8. HP: 93/93 MP: 8/8
     7 | D        | Reached XP level 9. HP: 99/99 MP: 9/9
     7 | D        | Reached XP level 10. HP: 107/107 MP: 10/10
     7 | D        | Reached XP level 11. HP: 113/113 MP: 11/11
     7 | D        | Reached XP level 12. HP: 120/120 MP: 12/12
     7 | D        | Reached XP level 13. HP: 127/127 MP: 13/13
     8 | D        | Noticed a bag of meat
     9 | D        | Noticed a bag of meat
    11 | D        | Killed a bag of meat
    11 | D        | Reached * piety under Makhleb
    11 | D        | Reached skill level 10 in Unarmed Combat
    11 | D        | Reached XP level 14. HP: 138/138 MP: 14/14
    13 | D        | Killed a bag of meat
    13 | D        | Reached XP level 15. HP: 148/148 MP: 15/15
    18 | D        | Noticed a meat berserker
    22 | D        | Noticed a meat berserker
    23 | D        | Killed a meat berserker
    23 | D        | Reached skill level 10 in Axes
    23 | D        | Reached XP level 16. HP: 160/160 MP: 16/16
    23 | D        | Noticed a large bag of meat
    25 | D        | Noticed a meat berserker
    27 | D        | Killed a meat berserker
    27 | D        | Reached ** piety under Makhleb
    27 | D        | Reached skill level 27 in Shields
    28 | D        | Killed a large bag of meat
    28 | D        | Reached skill level 27 in Fighting
    28 | D        | Reached skill level 27 in Armour
    28 | D        | Reached XP level 17. HP: 138/174 MP: 17/17
    29 | D        | Killed a meat berserker
    29 | D        | Reached XP level 18. HP: 182/182 MP: 18/18
    33 | D        | Reached *** piety under Makhleb
    34 | D        | Noticed a sculptor of flesh
    36 | D        | Noticed a destroyer
    38 | D        | Killed a destroyer
    38 | D        | Reached skill level 27 in Axes
    38 | D        | Reached skill level 27 in Unarmed Combat
    38 | D        | Reached XP level 19. HP: 189/189 MP: 19/19
    38 | D        | Reached **** piety under Makhleb
    38 | D        | Reached skill level 5 in Invocations
    38 | D        | Reached skill level 5 in Throwing
    38 | D        | Reached skill level 5 in Spellcasting
    39 | D        | Noticed a destroyer
    41 | D        | Killed a sculptor of flesh
    41 | D        | Reached skill level 10 in Stealth
    42 | D        | Reached skill level 10 in Throwing
    42 | D        | Reached skill level 10 in Spellcasting
    42 | D        | Reached XP level 20. HP: 197/197 MP: 19/34
    42 | D        | Noticed a meat berserker
    43 | D        | Noticed a tyrant
    44 | D        | Killed a destroyer
    44 | D        | Reached ***** piety under Makhleb
    47 | D        | Noticed a tentacled monstrosity
    47 | D        | Noticed a tentacled monstrosity
    48 | D        | Killed a meat berserker
    48 | D        | Reached skill level 15 in Dodging
    48 | D        | Reached XP level 21. HP: 184/204 MP: 21/41
    48 | D        | Noticed a meat berserker
    49 | D        | Noticed a tyrant
    51 | D        | Noticed a meat berserker
    51 | D        | Noticed a tyrant
    52 | D        | Killed a tyrant
    53 | D        | Reached XP level 22. HP: 150/212 MP: 22/46
    53 | D        | Killed a tyrant
    55 | D        | Killed a meat berserker
    55 | D        | Reached skill level 27 in Stealth
    55 | D        | Noticed a meat berserker
    56 | D        | Killed a meat berserker
    56 | D        | Reached ****** piety under Makhleb
    56 | D        | Reached skill level 27 in Invocations
    56 | D        | Reached XP level 23. HP: 219/219 MP: 22/51
    56 | D        | Noticed a large bag of meat
    56 | D        | Noticed a tyrant
    57 | D        | Noticed a dread
    58 | D        | Noticed a destroyer
    58 | D        | Noticed a large bag of meat
    58 | D        | Noticed a large bag of meat
    59 | D        | Noticed a destroyer
    60 | D        | Noticed a destroyer
    60 | D        | Noticed a dread
    62 | D        | Killed a dread
    62 | D        | Reached skill level 27 in Throwing
    62 | D        | Reached skill level 27 in Dodging
    62 | D        | Reached skill level 27 in Spellcasting
    62 | D        | Reached XP level 24. HP: 227/227 MP: 24/54
    62 | D        | Killed a tyrant
    63 | D        | Noticed a meat beast
    64 | D        | Noticed The Servant
    64 | D        | Killed a large bag of meat
    64 | D        | Reached XP level 25. HP: 234/234 MP: 25/54
    65 | D        | Noticed a dread
    66 | D        | Killed a destroyer
    66 | D        | Killed a dread
    66 | D        | Reached XP level 26. HP: 242/242 MP: 25/54
    66 | D        | Reached XP level 27. HP: 249/249 MP: 25/54
    68 | D        | Killed a tyrant
    68 | D        | Killed a meat beast
    68 | D        | Noticed a destroyer
    72 | D        | Killed a large bag of meat
    74 | D        | Noticed a large bag of meat
    75 | D        | Noticed a meat beast
    76 | D        | Noticed a destroyer
    76 | D        | Noticed a destroyer
    77 | D        | Killed The Servant
    77 | D        | Killed a dread
    77 | D        | Killed a destroyer
    77 | D        | Noticed a meat beast
    78 | D        | Killed a destroyer
    79 | D        | Noticed a destroyer
    80 | D        | Killed a meat beast
    80 | D        | Killed a meat beast
    81 | D        | Killed a large bag of meat
    83 | D        | Noticed a meat beast
    83 | D        | Noticed a large bag of meat
    86 | D        | Noticed a meat beast
    88 | D        | Killed a meat beast
    89 | D        | Noticed a large bag of meat
    90 | D        | Killed a destroyer
    94 | D        | Killed a destroyer
    97 | D        | Killed a meat beast
    98 | D        | Killed a large bag of meat
    99 | D        | Noticed a destroyer
   103 | D        | Noticed a dread
   103 | D        | Noticed a dread
   104 | D        | Noticed an accursed
   104 | D        | Noticed a tyrant
   107 | D        | Killed a destroyer
   107 | D        | Killed a tyrant
   107 | D        | Noticed a tyrant
   107 | D        | Noticed a destroyer
   109 | D        | Noticed a tyrant
   109 | D        | Noticed The Captor
   110 | D        | Noticed a dread
   111 | D        | Killed an accursed
   111 | D        | Killed a destroyer
   112 | D        | Noticed an accursed
   113 | D        | Noticed a meat beast
   113 | D        | Killed a tyrant
   115 | D        | Killed from afar by a wretched soul

Vault maps used:
D:        meatsprint

Skill      XL: |  1  2  3  4  5  6  7  8  9 10 11 12 13 14 15 16 17 18 19 20 21 22 23 |
---------------+----------------------------------------------------------------------+-----
Fighting       | 19 21 22 24 27 | 27.0
Axes           | 4 6 7 10 18 22 27 | 27.0
Armour         | 19 21 22 24 27 | 27.0
Shields        | 20 22 23 25 27 | 27.0
Unarmed Combat | 9 10 11 12 16 19 27 | 27.0
Throwing       | 10 16 20 24 27 | 27.0
Dodging        | 9 15 18 22 27 | 27.0
Stealth        | 13 20 24 27 | 27.0
Spellcasting   | 10 16 20 24 27 | 27.0
Invocations    | 12 19 22 27 | 27.0

Action                   |  1- 3 |  4- 6 |  7- 9 | 10-12 | 13-15 | 16-18 | 19-21 | 22-24 | 25-27 || total
-------------------------+-------+-------+-------+-------+-------+-------+-------+-------+-------++-------
Melee: Executioner's axe |     1 |       |       |       |     3 |     6 |     6 |     6 |    35 ||    57
  Use: Potion            |       |       |       |       |       |       |       |       |     1 ||     1
Armor: Scale mail        |       |       |       |       |       |     2 |       |       |     4 ||     6
Dodge: Dodged            |       |       |       |       |       |       |       |     2 |     6 ||     8
Block: Shield            |     1 |       |       |       |       |     3 |       |     2 |     6 ||    12

Table legend:
 A = Non-vault XP
 B = Vault XP
 C = Vault XP percentage of total XP
 D = Non-vault monster count
 E = Vault monster count
 F = Vault count percentage of total count
                 A         B        C        D         E       F
            +---------+---------+-------+---------+---------+-------
      Total | 2559826 |  815491 |  24.2 |      64 |      37 |  36.6
            +---------+---------+-------+---------+---------+-------
          D | 2559826 |  815491 |  24.2 |      64 |      37 |  36.6
            +---------+---------+-------+---------+---------+-------
